 Dungeon Crawl Stone Soup version bcrawl-1.31 (webtiles) character file.

Game seed: 17812829803907612597

435803 Morbidden the Fighter (level 11, -6/205 HPs)
             Began as an Ent Archaeologist on Apr 5, 2021.
             Was an Elder of Cheibriados.
             Engulfed by a cloud of flame (12 damage)
             ... on level 9 of the Dungeon.
             The game lasted 00:21:15 (9325 turns).

Morbidden the Fighter (Ent Archaeologist)           Turns: 9325, Time: 00:21:16

Health: -6/205     AC: 20    Str: 34    XL:     11   Next: 64%
Magic:  0/21       EV: 18    Int: 28    God:    Cheibriados [****..]
Gold:   535        SH:  0    Dex: 18    Spells: 17/24 levels left

rFire    . . .     SeeInvis +   a - +4 mace of Jott {elec, SInv}
rCold    . . .     Gourm    .   (no shield)
rNeg     + + +     Faith    .   (armour unavailable)
rPois    +         Spirit   +   c - +2 hat
rElec    .         Reflect  .   (no cloak)
rCorr    .         Harm     .   (gloves unavailable)
MR       ++...     Rnd*Rage +   (boots unavailable)
Stlth    ..........             p - amulet of guardian spirit
HPRegen  0.44/turn              o - +4 ring of evasion
MPRegen  0.17/turn              k - ring of stealth

@: berserking, very slightly contaminated, studying Shields, very slow
A: large, slow actions, passwall, strong branches, see invisible, berserk 1,
magic resistance 1, negative energy resistance 3, poison resistance, slow
metabolism 1, torment resistance, unbreathing, evolution 1, AC +18
a: Passwall, Bend Time, Temporal Distortion, Slouch, Renounce Religion


You were on level 9 of the Dungeon.
You worshipped Cheibriados.
Cheibriados was greatly pleased with you.
You were not hungry.

You visited 2 branches of the dungeon, and saw 11 of its levels.
You also visited: Ossuary and Bailey.

You collected 719 gold pieces.
You spent 184 gold pieces at shops.

Inventory:

Hand Weapons
 a - the +4 mace of Jott (weapon) {elec, SInv}
   (You found it on level 5 of the Dungeon)

   Occasionally, upon striking a foe, it will discharge some electrical energy
   and cause terrible harm.
   It lets you see invisible.
 b - the +7 longbow "Piercer" {penet, EV-2}
   (You acquired it on level 4 of the Dungeon)

   Ammo fired by it will pass through the targets it hits, potentially hitting
   all targets in its path until it reaches its maximum range.
   It affects your evasion (-2).
 f - a +0 blowgun
 B - a +2 whip of flaming
 Q - a +2 falchion of venom
Missiles
 d - 3 curare-tipped needles
 j - 1985 stones (quivered)
 l - a throwing net {=f}
 m - 481 poisoned needles
 r - 72 javelins
 t - 62 needles of confusion
 C - 1012 arrows
 D - 126 poisoned tomahawks
 W - 1638 bolts
Armour
 c - a +2 hat (worn)
 S - a scarf of clouds
Jewellery
 k - a ring of stealth (right hand)
 o - a +4 ring of evasion (left hand)
 p - an amulet of guardian spirit (around neck)
 s - an uncursed ring of protection from cold
 N - an uncursed ring of protection from cold
Wands
 q - a wand of iceblast (5)
 y - a wand of scattershot (3)
 E - a wand of acid (8)
 O - a wand of random effects (10)
 R - a wand of polymorph (6)
Scrolls
 g - 2 scrolls of magic mapping
 i - a scroll of identify
 v - 2 scrolls of enchant armour
 w - 4 scrolls of remove curse
 J - 4 scrolls of enchant weapon
 K - 2 scrolls of vulnerability
 M - a scroll of fear
 T - a scroll of immolation
Potions
 h - 7 potions of curing
 n - 4 potions of might
 u - 3 potions of brilliance
 z - a potion of ambrosia {unknown}
 A - 4 potions of mutation
 F - a potion of degeneration
 H - a potion of flight {unknown}
 I - a potion of heal wounds {unknown}
 L - 2 potions of lignification {unknown}
 P - 2 potions of cancellation {unknown}
 X - a potion of haste
Comestibles
 e - 23 rations {!d}


   Skills:
 * Level 13.3 Fighting
 + Level 2.2 Long Blades
 + Level 4.1 Maces & Flails
 + Level 7.0 Bows
 + Level 0.7 Throwing
 + Level 5.8 Dodging
 + Level 5.7 Stealth
 * Level 7.0 Spellcasting
 * Level 3.7 Conjurations
 * Level 3.4 Hexes
 * Level 4.4 Invocations


You had 17 spell levels left.
You knew the following spells:

 Your Spells              Type           Power        Failure   Level  Hunger
a - Mana Rupture          Conj/Hex       ####......   100%        7    #######

Your spell library contained the following spells:

 Spells                   Type           Power        Failure   Level  Hunger
 Dazzling Orbs            Conj/Hex       ####...      3%          3    None
 Confuse                  Hex            ####....     4%          3    None
 Pain                     Necr           #.....       5%          1    None
 Corpse Rot               Necr           N/A          9%          2    None
 Vampiric Draining        Necr           #.........   16%         3    None
 Yara's Violent Unravell  Hex/Tmut       ###.......   26%         4    ####...
 Agony                    Necr           #.......     47%         4    ####...
 Animate Dead             Necr           N/A          47%         4    ####...
 Petrify                  Tmut/Erth      #.........   47%         4    ####...
 Bolt of Draining         Conj/Necr      ###.......   56%         5    #####..
 Iskenderun's Battlesphe  Conj/Chrm      ###.....     56%         5    #####..
 Metabolic Englaciation   Hex/Ice        ###.......   58%         5    #####..
 Silence                  Hex/Air        ###.......   58%         5    #####..
 Piercing Shot            Chrm           #.........   83%         5    #####..
 Infestation              Hex/Tmut/Pois  ###......    99%         6    ######.
 Deflect Missiles         Chrm/Air       #.........   100%        6    ######.
 Discord                  Hex            ####......   100%        8    #######


Dungeon Overview and Level Annotations

Branches:
Dungeon (10/12)            Temple (1/1) D:6            Lair (0/6) D:7
    Orc (0/1) D:9

Altars:
Ashenzari
Cheibriados
Dithmenos
Elyvilon
Fedhas
Gozag
Hepliaklqana
Kikubaaqudgha
Lugonu
Makhleb
Nemelex Xobeh
Okawaru
Qazlal
Ru
Sif Muna
Trog
Uskayaw
Vehumet
Wu Jian
Xom
Yredelemnul
Zin
The Shining One

Shops:
D:5 ?   D:6 :%[   D:7 %   D:8 :   D:9 *

Annotations:
D:3 Grinder
D:6 2 transporters, 1 runed door, yrara's ghost, novice DsFi


Innate Abilities, Weirdness & Mutations

You move and act slowly.
You can pass through walls and trees.
Your branches can wield two-handed weapons with a shield.
Your thick bark is tough. (AC +18)
You are too large for most types of armour.
You are immune to negative energy. (rN+++)
Your system is resistant to poisons. (rPois)
You have a slow metabolism.
You are immune to unholy pain and torment.
You can survive without breathing.
You have supernaturally acute eyesight. (SInv)
You tend to lose your temper in combat.
You are resistant to hostile enchantments. (MR+)
You evolve.


Message History

Snorg barely misses you.
Unknown command.
Unknown command.
Unknown command.
You barely miss Snorg.
Snorg is severely wounded.
Snorg closely misses you. Snorg completely misses you. x2
Unknown command.
Unknown command.
Unknown command.
Unknown command.
You are too berserk!
Unknown command.
You sock Snorg! Lightning courses through Snorg!!
Snorg explodes!
The fiery explosion engulfs you!!
* * * LOW HITPOINT WARNING * * *
Cheibriados appreciates the change of pace.
You are engulfed in blazing flames.
You die...

# #...#.#..############### #
#...#.#..+.≈≈#.......... #
#####...#.#..#≈.≈##...######
# #..........[###.≈≈#.#.#
#.............+...'.#.# ##
#........#.)..#####.#.# .#
#........#..#.......#.# .#
#........##.#.........# .#
########...§@§.......### .#
#......#####§§.......# .#
#..........§§§.#..%.## .#
#......#####...#....# .#
#####.## #...#....# .#
######.# #...#....# .#
#......# #...#....#
.###......# #..>.....#
...#......##########....#


There were no monsters in sight!

Vanquished Creatures
  Snorg (D:9)
  A centaur warrior (D:8)
  An orc knight (Bailey)
  An ugly thing (D:9)
  A centaur skeleton (D:9)
  A shadow (D:6)
  2 hippogriffs
  Duvessa (D:5)
  A hornet zombie (D:6)
  2 porcupines
  A swamp drake (D:9)
  2 sky beasts
  18 orc warriors
  2 ice beasts
  A black bear (D:7)
  4 ogres
  2 phantoms
  2 centaurs
  A big kobold (D:9)
  3 bullfrogs
  Blork the orc (D:5)
  A water moccasin zombie (Ossuary)
  Dowan (D:5)
  4 scorpions
  6 killer bees (D:7)
  4 howler monkeys
  5 bullfrog zombies (Ossuary)
  4 centaur zombies
  3 quasits
  A crimson imp (D:4)
  A jelly (D:8)
  5 orc priests
  A bullfrog skeleton (D:6)
  4 hounds
  18 mummies (Ossuary)
  Terence (D:2)
  6 orc wizards
  4 iguanas
  4 worker ants
  A killer bee zombie (D:9)
  A hound zombie (Ossuary)
  2 howler monkey zombies
  7 worker ant zombies
  4 gnolls (D:7)
  7 adders
  A shadow imp (D:5)
  2 worm zombies (D:5)
  An adder skeleton (D:4)
  4 adder zombies
  2 dart slugs
  2 leopard geckos
  33 orcs
  2 ball pythons (D:1)
  5 giant cockroaches
  2 goblins (D:1)
  6 hobgoblins
  3 jackals (D:1)
  8 kobolds
  3 quokkas
  4 bats
  2 frilled lizards (D:1)
  2 jackal skeletons (D:4)
  A quokka zombie (Ossuary)
  5 rats
232 creatures vanquished.

Vanquished Creatures (others)
  4 fungi (D:7)
  A plant (D:7)
  3 withered plants (Ossuary)
8 creatures vanquished.

Grand Total: 240 creatures vanquished

Notes
Turn   | Place    | Note
-------+----------+-------------------------------------------
     0 | D:1      | Morbidden the Ent Archaeologist began the quest for the
                  | Orb.
     0 | D:1      | Reached XP level 1. HP: 21/21 MP: 1/1
   150 | D:1      | Reached XP level 2. HP: 24/29 MP: 2/2
   640 | D:2      | Noticed Terence
   736 | D:2      | Reached XP level 3. HP: 34/36 MP: 3/3
   905 | D:2      | Killed Terence
   906 | D:2      | Reached skill level 2 in Fighting
  1047 | D:2      | Found a hazy altar of Hepliaklqana.
  1053 | D:2      | Reached XP level 4. HP: 46/46 MP: 5/5
  1384 | D:3      | Noticed Grinder
  1495 | D:3      | Reached skill level 1 in Spellcasting
  1936 | D:4      | Reached skill level 3 in Fighting
  1976 | D:4      | Noticed a phantom
  2101 | D:4      | Reached XP level 5. HP: 48/57 MP: 6/6
  2101 | D:4      | Identified a scroll of acquirement
  2101 | D:4      | Identified the amulet of the Saviour {Regen rC+} (You
                  | acquired it on level 4 of the Dungeon)
  2102 | D:4      | Found the +7 longbow "Piercer" {penet, EV-2}
  2298 | D:4      | Noticed an ogre
  2311 | D:4      | Killed an ogre
  2312 | D:4      | Reached skill level 4 in Fighting
  2312 | D:4      | Reached skill level 1 in Long Blades
  2413 | D:4      | Reached XP level 6. HP: 67/67 MP: 8/8
  2638 | D:4      | Reached skill level 1 in Bows
  2793 | D:4      | Reached XP level 7. HP: 76/77 MP: 9/11
  2870 | D:5      | Entered Level 5 of the Dungeon
  2870 | D:5      | Noticed Duvessa
  2870 | D:5      | Noticed Dowan
  2920 | D:5      | Found a corrupted altar of Lugonu.
  2983 | D:5      | Found a sand-covered staircase.
  2997 | Ossuary  | Entered an ossuary
  3013 | Ossuary  | Reached skill level 5 in Fighting
  3162 | Ossuary  | Reached XP level 8. HP: 86/88 MP: 10/13
  3377 | D:5      | Noticed Blork the orc
  3383 | D:5      | Killed Blork the orc
  3395 | D:5      | Found a sacrificial altar of Ru.
  3442 | D:5      | Found Dogasey's Magic Scroll Shoppe.
  3622 | D:5      | Killed Dowan
  3975 | D:5      | Killed Duvessa
  3976 | D:5      | Reached skill level 6 in Fighting
  4047 | D:5      | Reached skill level 5 in Bows
  4147 | D:5      | Found a shadowy altar of Dithmenos.
  4219 | D:5      | Found an iron altar of Okawaru.
  4239 | D:5      | Got a polished mace
  4361 | D:6      | Found a transporter.
  4362 | D:6      | Found a transporter.
  4363 | D:6      | Noticed yrara's ghost (novice DsFi)
  4415 | D:6      | Found Xeqymege's Food Emporium.
  4567 | D:6      | Found a glowing golden altar of the Shining One.
  4643 | D:6      | Found a staircase to the Ecumenical Temple.
  4653 | Temple   | Entered the Ecumenical Temple
  4686 | Temple   | Learned a level 7 spell: Mana Rupture
  4696 | Temple   | Became a worshipper of Cheibriados the Contemplative
  4888 | D:6      | Found Ucakowant's Antique Armour Emporium.
  4907 | D:6      | Bought an embroidered scarf for 184 gold pieces
  4910 | D:6      | Identified the +4 mace of Jott {elec, SInv} (You found it
                  | on level 5 of the Dungeon)
  4930 | D:6      | Reached XP level 9. HP: 92/99 MP: 14/16
  4954 | D:6      | Reached skill level 5 in Spellcasting
  4967 | D:6      | Found a runed door.
  4992 | D:6      | Found a shimmering blue altar of Sif Muna.
  4993 | D:6      | Found a blossoming altar of Fedhas.
  5076 | D:6      | Reached skill level 1 in Conjurations
  5087 | D:6      | Found a burning altar of Makhleb.
  5092 | D:6      | Reached skill level 5 in Stealth
  5092 | D:6      | Reached skill level 1 in Invocations
  5147 | D:6      | Reached skill level 5 in Dodging
  5147 | D:6      | Reached skill level 1 in Hexes
  5215 | D:6      | Found Ruats's Book Shop.
  5313 | D:7      | Reached skill level 7 in Fighting
  5398 | D:7      | Found Udiviw's Food Shoppe.
  5444 | D:7      | Reached * piety under Cheibriados
  5451 | D:7      | Found a flagged portal.
  5459 | Bailey   | Entered a bailey
  5977 | Bailey   | Gained mutation: You have supernaturally acute eyesight.
                  | (SInv) [potion of mutation]
  5977 | Bailey   | Gained mutation: You evolve. [potion of mutation]
  5977 | Bailey   | Gained mutation: You are resistant to hostile enchantments.
                  | (MR+) [potion of mutation]
  6347 | Bailey   | Reached ** piety under Cheibriados
  6348 | Bailey   | Reached XP level 10. HP: 110/110 MP: 19/19
  6360 | Bailey   | Reached skill level 12 in Fighting
  6360 | Bailey   | Reached XP level 11. HP: 135/135 MP: 20/20
  6365 | Bailey   | Found a roughly hewn altar of Beogh.
  6365 | Bailey   | Noticed an orc knight
  6378 | Bailey   | Killed an orc knight
  6689 | Bailey   | Gained mutation: You tend to lose your temper in combat.
                  | [evolution]
  6826 | D:7      | Found an ornate altar of the Wu Jian Council.
  6885 | D:7      | Reached skill level 13 in Fighting
  6989 | D:7      | Found a staircase to the Lair.
  7327 | D:7      | Found a basalt altar of Yredelemnul.
  7523 | D:8      | Reached *** piety under Cheibriados
  7621 | D:8      | Found Essiurar's Book Emporium.
  7856 | D:8      | Identified the Disquisition on Darkness
  7921 | D:8      | Noticed a centaur warrior
  7929 | D:8      | Killed a centaur warrior
  8223 | D:8      | Found a stormy altar of Qazlal.
  8456 | D:9      | Found Pekhopn's General Store.
  9150 | D:9      | Noticed a brown ugly thing
  9157 | D:9      | Killed a brown ugly thing
  9158 | D:9      | Reached **** piety under Cheibriados
  9208 | D:9      | Found a staircase to the Orcish Mines.
  9302 | D:10     | Entered Level 10 of the Dungeon
  9302 | D:10     | Noticed Snorg
  9325 | D:9      | Killed Snorg
  9325 | D:9      | HP: 6/205 [Snorg/exploding inner flame[the player
                  | character] (14)]
  9325 | D:9      | Engulfed by a cloud of flame

Skill      XL: |  1  2  3  4  5  6  7  8  9 10 11 |
---------------+----------------------------------+-----
Dodging        | 3 4 5 |  5.8
Stealth        | 4 5 |  5.7
Fighting       | 2 3 4 5 6 7 12 13 | 13.3
Spellcasting   | 1 2 3 4 6 7 |  7.0
Long Blades    | 1 2 |  2.2
Bows           | 1 3 5 6 7 |  7.0
Conjurations   | 2 3 |  3.7
Invocations    | 2 4 |  4.4
Maces & Flails | 3 4 |  4.1
Hexes          | 2 3 |  3.4
Throwing       | |  0.7

Action                   |  1- 3 |  4- 6 |  7- 9 | 10-12 || total
-------------------------+-------+-------+-------+-------++-------
Melee: Whip              |   115 |       |       |       ||   115
       Falchion          |       |    76 |    22 |       ||    98
       Mace              |       |       |    79 |   100 ||   179
 Fire: Blowgun           |    28 |     2 |       |       ||    30
       Longbow           |       |    28 |   217 |   100 ||   345
Throw: Stone             |    50 |       |       |       ||    50
Evoke: Wand              |       |       |       |     5 ||     5
  Use: Scroll            |     1 |     1 |     8 |    11 ||    21
       Potion            |       |       |     4 |     5 ||     9
 Stab: Sleeping          |     2 |     8 |    10 |     6 ||    26
  Eat: Chunk             |     6 |     9 |    15 |    13 ||    43
       Ration            |       |       |     2 |       ||     2
Armor: Skin              |   101 |    39 |   201 |   119 ||   460
Dodge: Dodged            |   133 |    64 |   296 |   305 ||   798
